 Dungeon Crawl Stone Soup version 0.25-a0-578-gc91f01c39c (webtiles) character file.

Game seed: 3159977111863154467, levelgen mode: deterministic

13206 Flugslaktarn the Cleaver (level 11, -5/102 HPs)
             Began as a Deep Dwarf Fighter on Mar 5, 2020.
             Was a High Priest of Makhleb.
             Slain by a sun demon (16 damage)
             ... summoned by a kobold demonologist
             ... on level 10 of the Dungeon.
             The game lasted 00:06:15 (6383 turns).

Flugslaktarn the Cleaver (Deep Dwarf Fighter)       Turns: 6383, Time: 00:06:16

Health: -5/102     AC: 15    Str: 23    XL:     11   Next: 72%
Magic:  7/7        EV:  8    Int: 12    God:    Makhleb [*****.]
Gold:   108        SH:  0    Dex: 12    Spells: 10/10 levels left

rFire    . . .     SeeInvis .   n - +1 broad axe
rCold    . . .     Gourm    .   (no shield)
rNeg     + . .     Faith    .   D - +3 chain mail {rPois}
rPois    +         Spirit   .   o - +1 helmet {Int+3}
rElec    .         Reflect  .   G - scarf {cloud immunity}
rCorr    .         Harm     .   g - +0 pair of gloves
MR       +....                  C - +1 pair of boots
Stlth    ..........             s - amulet of Wiocsiog {Acrobat rN+}
HPRegen  0.00/turn              (no ring)
MPRegen  0.10/turn              (no ring)

@: about to teleport, corroded, non-regenerating, studying Armour
A: damage resistance, heal wounds, iridescent scales 1, deterioration 1, sense
surroundings 2, no regeneration
a: Heal Wounds, Minor Destruction, Lesser Servant of Makhleb, Major Destruction,
Greater Servant of Makhleb, Renounce Religion


You were on level 10 of the Dungeon.
You worshipped Makhleb.
Makhleb was extremely pleased with you.
You were not hungry.

You visited 2 branches of the dungeon, and saw 14 of its levels.
You also visited: Bailey.

You collected 511 gold pieces.
You spent 403 gold pieces at shops.

Inventory:

Hand Weapons
 a - a +0 war axe
 n - a +1 broad axe (weapon)
   (You took it off an orc warrior in a bailey)
Armour
 c - a +0 kite shield
 f - a +0 plate armour
   (You took it off an orc warrior on level 6 of the Dungeon)
 g - a +0 pair of gloves (worn)
   (You found it on level 9 of the Dungeon)
 o - a +1 helmet of intelligence (worn)
   (You bought it in a shop on level 9 of the Dungeon)
 u - a +0 helmet
   (You found it on level 5 of the Dungeon)
 z - a +1 crystal plate armour
   (You found it on level 7 of the Dungeon)
 C - a +1 pair of boots (worn)
   (You found it on level 9 of the Dungeon)
 D - a +3 chain mail of poison resistance (worn)
   (You took it off an orc warlord in a bailey)
 E - a +0 tower shield
   (You took it off an orc warlord in a bailey)
 G - a scarf of cloud immunity (worn)
   (You bought it in a shop on level 9 of the Dungeon)
Jewellery
 i - an uncursed ring of see invisible
   (You took it off an orc warrior on level 9 of the Dungeon)
 s - the amulet of Wiocsiog (around neck) {Acrobat rN+}
   (You found it on level 4 of the Dungeon)

   [amulet of the acrobat]

   It helps you evade while moving and waiting.
   It protects you from negative energy.
Wands
 b - a wand of paralysis (10)
   (You took it off Pikel on level 6 of the Dungeon)
 F - a wand of clouds (5)
   (You found it on level 13 of the Dungeon)
Scrolls
 j - a scroll of immolation
 m - a scroll of magic mapping
 t - 4 scrolls of teleportation
 x - 5 scrolls of remove curse
Potions
 d - 2 potions of might
 h - a potion of haste
 l - a potion of flight
 p - 3 potions of cancellation
 q - 5 potions of curing
 w - 3 potions of heal wounds
 y - a potion of magic {unknown}
 A - a potion of brilliance {unknown}
 B - a potion of experience {unknown}
Books
 k - a manual of Armour
   (You acquired it on level 9 of the Dungeon)
Comestibles
 e - 16 rations
 I - 9 chunks of flesh


   Skills:
 + Level 7.7 Fighting
 * Level 12.2 Axes
 + Level 10.3 Armour
 + Level 9.3 Shields
 + Level 9.2 Invocations


You had 10 spell levels left.
You didn't know any spells.
Your spell library was empty.

Dungeon Overview and Level Annotations

Branches:
Dungeon (13/15)            Temple (1/1) D:4            Lair (0/6) D:9
 Bailey (visited)
    Orc: D:9-12      Vaults: D:13-14

Altars:
Ashenzari
Cheibriados
Dithmenos
Elyvilon
Fedhas
Gozag
Hepliaklqana
Kikubaaqudgha
Makhleb
Nemelex Xobeh
Okawaru
Qazlal
Ru
Sif Muna
Trog
Uskayaw
Vehumet
Wu Jian
Xom
Yredelemnul
Zin
The Shining One

Shops:
D:9 [

Portals:
Sewer: D:3

Annotations:
D:4 2 runed translucent doors, Flugslaktarn's ghost, weakling DDFi
D:11 2 runed translucent doors, Flugslaktarn's ghost, journeyman DDFi


Innate Abilities, Weirdness & Mutations

You are resistant to damage.
You can heal yourself by infusing magical energy.
You passively map the area around you.
You do not regenerate.
You are partially covered in iridescent scales. (AC +2)
Your body sometimes deteriorates upon taking damage.


Message History

You closely miss the sun demon.
The kobold demonologist hits you but does no damage.
The sun demon hits you!!
* * * LOW HITPOINT WARNING * * *
You are engulfed in flames!
* * * LOW HITPOINT WARNING * * *
The big kobold barely misses you.
The crimson imp blinks!
The kobold demonologist hits you but does no damage.
You are too injured to fight recklessly!
You are too injured to fight recklessly!
You are too injured to fight recklessly!
Unknown command.
Okay, then.
As you read the scroll of teleportation, it crumbles to dust.
You feel strangely unstable.
The kobold demonologist hits you but does no damage.
The sun demon hits you!
* * * LOW HITPOINT WARNING * * *
You are engulfed in flames!!
You die...

, , , *, * *
...## ,, * * *
,##....# *, ,
...... , , * ,
, K.... , , ,,
,KK5.#** , , *
,, 5KK# , ,
##K3# * * ,,
#@K5# , .. *
#3K## * # * .,
##44####.. , *
#. #.5#5.....,
#.. ##.........
,
#.###.....####.
#..#...####
*##.....##
#.....## # ,


You could see 2 sun demons, a rust devil, 2 kobold demonologists, a chaos spawn,
a big kobold, a quasit, a crimson imp, a shadow imp, 2 ufetubi and 4 kobolds.

Vanquished Creatures
  An orc warlord (Bailey)
  A dancing weapon (D:13)
  Nergalle (D:11)
  Pikel (D:6)
  2 ugly things
  A cyclops (D:11)
  A manticore (D:11)
  An elephant (D:9)
  2 kobold demonologists (D:10)
  4 slime creatures (D:9)
  A hippogriff (D:8)
  Sigmund (D:2)
  A yak (D:9)
  A human (D:10)
  A hungry ghost (D:7)
  A hornet zombie (D:9)
  15 orc warriors
  3 ice beasts
  2 sky beasts
  5 ogres
  3 phantoms
  An eye of draining (D:11)
  A necrophage (D:10)
  7 centaurs
  2 crocodiles (D:9)
  A big kobold (D:7)
  3 bullfrogs
  A scorpion (D:5)
  12 killer bees
  5 wights (D:12)
  An electric eel (D:11)
  6 howler monkeys
  3 crimson imps
  A centaur zombie (D:12)
  A quasit (D:7)
  3 hounds
  7 orc priests
  A centaur skeleton (D:5)
  A bullfrog skeleton (D:8)
  3 jellies
  13 orc wizards
  4 iguanas
  11 worker ants
  A hound skeleton (D:6)
  A worker ant zombie (D:9)
  3 adders
  13 gnolls (Bailey)
  2 shadow imps
  An ooze (D:4)
  An adder zombie (D:9)
  2 adder skeletons
  3 worms
  2 dart slugs
  4 leopard geckos
  56 orcs
  10 giant cockroaches
  31 goblins
  11 hobgoblins
  3 jackals
  8 quokkas
  A ball python (D:4)
  2 bats
  4 frilled lizards
  7 kobolds
  A leopard gecko skeleton (D:9)
  A leopard gecko zombie (D:5)
  2 quokka skeletons
  6 rats
313 creatures vanquished.

Vanquished Creatures (others)
  2 fungi (D:9)
  A plant (D:9)
3 creatures vanquished.

Grand Total: 316 creatures vanquished

Notes
Turn   | Place    | Note
-------+----------+-------------------------------------------
     0 | D:1      | Flugslaktarn the Deep Dwarf Fighter began the quest for the
                  | Orb.
     0 | D:1      | Reached XP level 1. HP: 20/20 MP: 1/1
   106 | D:2      | Reached XP level 2. HP: 27/27 MP: 2/2
   154 | D:2      | Found an opulent altar of Gozag.
   161 | D:2      | Noticed Sigmund
   191 | D:2      | Killed Sigmund
   191 | D:2      | Reached skill level 4 in Axes
   191 | D:2      | Reached XP level 3. HP: 22/34 MP: 2/2
   191 | D:2      | Reached XP level 4. HP: 27/42 MP: 3/3
   191 | D:2      | Reached XP level 5. HP: 32/49 MP: 4/4
   540 | D:3      | Found a glowing drain.
   749 | D:4      | Reached XP level 6. HP: 49/56 MP: 4/4
   808 | D:4      | Reached skill level 5 in Axes
  1089 | D:4      | Got a slimy lead amulet
  1105 | D:4      | Identified the amulet of Wiocsiog {Acrobat rN+} (You found
                  | it on level 4 of the Dungeon)
  1134 | D:4      | Found a staircase to the Ecumenical Temple.
  1144 | Temple   | Entered the Ecumenical Temple
  1259 | Temple   | Became a worshipper of Makhleb the Destroyer
  1364 | D:4      | Found a large runed translucent door.
  1366 | D:4      | Found a large runed translucent door.
  1369 | D:4      | Noticed Flugslaktarn's ghost (weakling DDFi)
  1576 | D:5      | Entered Level 5 of the Dungeon
  1689 | D:5      | Reached XP level 7. HP: 34/64 MP: 2/2
  1742 | D:5      | Reached skill level 1 in Invocations
  1744 | D:5      | Reached skill level 5 in Armour
  1752 | D:5      | Reached skill level 5 in Shields
  1876 | D:5      | Reached skill level 6 in Axes
  1961 | D:5      | Reached XP level 8. HP: 55/73 MP: 3/5
  2543 | D:6      | Reached skill level 7 in Axes
  2631 | D:6      | Reached * piety under Makhleb
  2754 | D:6      | Reached skill level 5 in Fighting
  2797 | D:6      | Noticed Pikel
  2810 | D:6      | Killed Pikel
  2810 | D:6      | Reached skill level 8 in Axes
  2810 | D:6      | Gained mutation: You passively map the area around you.
                  | [Deep Dwarf growth]
  2810 | D:6      | Reached XP level 9. HP: 59/81 MP: 7/7
  3116 | D:7      | Reached skill level 5 in Invocations
  3285 | D:7      | Reached ** piety under Makhleb
  3572 | D:7      | Found an ornate altar of the Wu Jian Council.
  3573 | D:7      | Found a stormy altar of Qazlal.
  3671 | D:8      | Reached skill level 9 in Axes
  3945 | D:8      | Found a shimmering altar of Xom.
  4402 | D:9      | Reached *** piety under Makhleb
  4409 | D:9      | Found a flagged portal.
  4429 | Bailey   | Entered a bailey
  4484 | Bailey   | Reached XP level 10. HP: 91/91 MP: 9/9
  4583 | Bailey   | Reached **** piety under Makhleb
  4656 | Bailey   | Reached skill level 10 in Axes
  4742 | Bailey   | Noticed an orc warlord
  4751 | Bailey   | Killed an orc warlord
  4977 | D:9      | Identified a scroll of acquirement
  5332 | D:9      | Noticed an elephant
  5339 | D:9      | Killed an elephant
  5385 | D:9      | Found Verghaops's Antique Armour Emporium.
  5389 | D:9      | Bought a shiny helmet for 195 gold pieces
  5417 | D:9      | Reached skill level 11 in Axes
  5427 | D:9      | Bought an embroidered scarf for 208 gold pieces
  5539 | D:9      | Noticed a purple ugly thing
  5542 | D:9      | Reached XP level 11. HP: 100/100 MP: 9/9
  5561 | D:9      | Killed a purple ugly thing
  5561 | D:9      | Reached ***** piety under Makhleb
  5650 | D:9      | Found a staircase to the Lair.
  5872 | D:10     | Entered Level 10 of the Dungeon
  5872 | D:10     | Noticed a deep elf mage
  5924 | D:10     | You fall into a shaft and drop 3 floors!
  5933 | D:13     | Noticed a +6 long sword
  5948 | D:13     | Killed a +6 long sword
  6083 | D:11     | Noticed Nergalle
  6085 | D:11     | Noticed a purple ugly thing
  6115 | D:11     | Killed a purple ugly thing
  6118 | D:11     | Killed Nergalle
  6118 | D:11     | Reached skill level 12 in Axes
  6118 | D:11     | Reached skill level 10 in Armour
  6137 | D:11     | Got an ichor-stained battleaxe
  6146 | D:11     | Identified the +2 battleaxe of Magnificence {freeze, Int+4
                  | SInv} (You found it on level 11 of the Dungeon)
  6167 | D:11     | Found a large runed translucent door.
  6168 | D:11     | Found a large runed translucent door.
  6170 | D:11     | Noticed Flugslaktarn's ghost (journeyman DDFi)
  6218 | D:11     | Gained mutation: Your body sometimes deteriorates upon
                  | taking damage. [potion of mutation]
  6218 | D:11     | Gained mutation: You are partially covered in iridescent
                  | scales. (AC +2) [potion of mutation]
  6355 | D:10     | Noticed a soul eater
  6375 | D:10     | Noticed a sun demon
  6376 | D:10     | Noticed a sun demon
  6383 | D:10     | Slain by a sun demon

Levels and vault maps discovered:
D:1:      dpeg_arrival_tiny_j, layout_basic
D:2:      layout_loops_corners, grunt_gozag_statues, first_ration, uniq_sigmund
D:3:      minmay_spotlight, layout_basic, portal_sewer_entry_a,
          minmay_crystal_water, nicolae_ru_the_path_less_chosen
D:4:      layout_loops_ring, temple_green, ebering_ghost_disaster_area,
          minmay_circle_x
D:5:      layout_cave_pods
D:6:      layout_rooms, grunt_decor_fettered, uniq_pikel
D:7:      layout_basic, minitemple
D:8:      layout_basic, kennysheep_mini
D:9:      layout_basic, david_lair_generic, enter_bailey_3, serial_shops, shop
D:10:     layout_layer_cave, muffindrake_ghost_dual_entry, hangedman_stone_soup
D:11:     layout_big_octagon, erik_orc_1, ebering_ghost_disaster_area,
          minmay_misc_feat_nine_boxes, uniq_nergalle
D:12:     layout_layer_cave, serial_shops, shop, chequers_arboretum,
          minivault_12
D:13:     layout_long_grid, erik_vaults_1, hangedman_tree_tricks,
          minmay_evil_grid, uniq_urug, uniq_sonja
Temple:   compressed_dpeg_circular_temple

Skill      XL: |  1  2  3  4  5  6  7  8  9 10 11 |
---------------+----------------------------------+-----
Fighting       | 3 4 5 6 7 |  7.7
Axes           | 4 5 6 8 9 11 12 | 12.2
Armour         | 4 5 6 7 8 10 | 10.3
Shields        | 4 5 6 7 8 9 |  9.3
Invocations    | 2 4 6 8 9 |  9.2

Action                   |  1- 3 |  4- 6 |  7- 9 | 10-12 || total
-------------------------+-------+-------+-------+-------++-------
Melee: War axe           |    36 |   174 |   463 |    61 ||   734
       Broad axe         |       |       |       |   365 ||   365
       Battleaxe         |       |       |       |    12 ||    12
 Abil: Heal Wounds       |     3 |     6 |     8 |    22 ||    39
Evoke: Wand              |       |       |       |     1 ||     1
  Use: Scroll            |       |       |    12 |    10 ||    22
       Potion            |       |       |       |     3 ||     3
 Stab: Paralysed         |       |       |       |     1 ||     1
  Eat: Chunk             |       |     3 |    21 |     7 ||    31
Armor: Scale mail        |    12 |    73 |    55 |       ||   140
       Plate armour      |       |       |   100 |       ||   100
       Crystal plate arm |       |       |   143 |    57 ||   200
       Chain mail        |       |       |       |   331 ||   331
Dodge: Dodged            |     9 |    57 |   111 |   156 ||   333
Block: Kite shield       |    15 |    90 |   270 |    55 ||   430
       Tower shield      |       |       |       |   374 ||   374

Table legend:
 A = Non-vault XP
 B = Vault XP
 C = Vault XP percentage of total XP
 D = Non-vault monster count
 E = Vault monster count
 F = Vault count percentage of total count
                 A         B        C        D         E       F
            +---------+---------+-------+---------+---------+-------
      Total |   11496 |    7371 |  39.1 |     216 |      97 |  31.0
            +---------+---------+-------+---------+---------+-------
        D:1 |      11 |       0 |   0.0 |       7 |       0 |   0.0
        D:2 |      30 |     238 |  88.8 |       9 |       1 |  10.0
        D:3 |      31 |      23 |  42.6 |      14 |       9 |  39.1
        D:4 |     346 |      10 |   2.8 |      14 |       4 |  22.2
        D:5 |     946 |       0 |   0.0 |      21 |       0 |   0.0
        D:6 |     745 |     663 |  47.1 |      23 |       1 |   4.2
        D:7 |     900 |       0 |   0.0 |      28 |       0 |   0.0
        D:8 |    1240 |       2 |   0.2 |      21 |       1 |   4.5
        D:9 |    2640 |     886 |  25.1 |      28 |       7 |  20.0
       D:10 |    1356 |     330 |  19.6 |      13 |       3 |  18.8
       D:11 |    2843 |     816 |  22.3 |      30 |       1 |   3.2
       D:12 |     365 |       0 |   0.0 |       7 |       0 |   0.0
       D:13 |      43 |     904 |  95.5 |       1 |       1 |  50.0
     Bailey |       0 |    3499 | 100.0 |       0 |      69 | 100.0
            +---------+---------+-------+---------+---------+-------
